 Dungeon Sprint DCSS version 0.19.5 (webtiles) character file.

1264 Mesmaeker13 the Fighter (level 8, -1/72 HPs)
             Began as a Demonspawn Gladiator on May 5, 2017.
             Was an Initiate of Trog.
             Shot with an arrow by a centaur warrior (4 damage)
             ... in the Dungeon (Sprint I: "Red Sonja").
             The game lasted 00:02:44 (848 turns).

Mesmaeker13 the Fighter (Demonspawn Gladiator)       Turns: 848, Time: 00:02:46

Health: -1/72      AC:  4    Str: 19    XL:     8   Next: 27%
Magic:  8/8        EV: 17    Int:  9    God:    Trog [......]
Gold:   31         SH:  0    Dex: 13    Spells: 0 memorised, 7 levels left

rFire  . . .     SeeInvis .     a - +0 flail
rCold  . . .     Gourm    .     b - +0 leather armour
rNeg   . . .     Faith    .     (no shield)
rPois  .         Spirit   .     c - +0 helmet
rElec  .         Reflect  .     (no cloak)
rCorr  .         Harm     .     (no gloves)
MR     .....     NoTele   +     (no boots)
Stlth  +.........               (no amulet)
                                (no ring)
                                (no ring)

@: exhausted, hasted and slowed
A: claws 1, powered by death 2, sturdy frame 2
a: Burn Spellbooks, Renounce Religion


You were in the Dungeon.
You worshipped Trog.
Trog was noncommittal.
You were not hungry.

You visited 1 branch You collected 297 gold pieces.
You spent 266 gold pieces at shops.

Inventory:

Hand Weapons
 a - a +0 flail (weapon)
Armour
 b - a +0 leather armour (worn)
 c - a +0 helmet (worn)
Wands
 n - a wand of slowing (22/48)
Scrolls
 k - a scroll of blinking
 m - a scroll of enchant weapon {unknown}
Potions
 g - 2 potions of heal wounds
 i - 2 potions of magic
 l - a potion of flight {unknown}
Comestibles
 f - a bread ration


   Skills:
 + Level 10.1 Fighting
 + Level 9.5 Maces & Flails
 + Level 6.5 Throwing
 + Level 9.5 Dodging


You had 7 spell levels left.
You didn't know any spells.

Dungeon Overview and Level Annotations

Branches:
Dungeon (1/1)

Altars:
Cheibriados
Dithmenos
Elyvilon
Fedhas
Gozag
Hepliaklqana
Kikubaaqudgha
Makhleb
Nemelex Xobeh
Okawaru
Qazlal
Ru
Sif Muna
Trog
Uskayaw
Vehumet
Xom
Yredelemnul
Zin
The Shining One
Jiyva
Lugonu

Shops:
D !


Innate Abilities, Weirdness & Mutations

You have sharp fingernails.
You regenerate health from kills.
Your movements are less encumbered by armour. (ER -4)


Message History

You feel less encumbered by your armour.
You are too berserk!
Unknown command.
Press < or > to pray at altars.
There is an open door here.
You feel a strong urge to attack something.
You see here a hunting sling.
You start resting.
You are no longer berserk.
You pass out from exhaustion.
You feel yourself slow down.
You can move again.
You start resting.
You feel yourself speed up.
The centaur warrior shouts!
The centaur warrior wields a glowing longbow.
It bursts into flame!
The centaur warrior shoots an arrow.
The arrow hits you!!
* * * LOW HITPOINT WARNING * * *
The arrow burns you.
You die...

#<.#..)..#.)'..#__#
#..').#..'..#..'..+
#..#####'#####'#__# ##
#..####..#...#.####$(#
#..#__####..##.#≈§§.§#
#..#_____##'#..§≈≈§§§+
#⌠⌠#_.∩...'...c#§§§§c#
####_..__##_.#'##+####
#_____###+#@# #######
###


You could see a centaur warrior.

Vanquished Creatures
  A centaur warrior (D)
  A slime creature (D)
  Sigmund (D)
  A yak (D)
  An ogre (D)
  A jelly (D)
  Ijyb (D)
7 creatures vanquished.

Notes
Turn   | Place    | Note
-------+----------+-------------------------------------------
     0 | D        | Mesmaeker13 the Demonspawn Gladiator began the quest for the Orb.
     0 | D        | Reached XP level 1. HP: 16/16 MP: 1/1
     1 | D        | Noticed Ijyb
    13 | D        | Killed Ijyb
    13 | D        | Reached skill level 3 in Fighting
    13 | D        | Gained mutation: You have sharp fingernails. [demonic ancestry]
    13 | D        | Reached XP level 2. HP: 9/25 MP: 2/2
   214 | D        | Noticed an ogre
   218 | D        | Killed an ogre
   218 | D        | Reached skill level 5 in Fighting
   218 | D        | Reached skill level 5 in Maces & Flails
   218 | D        | Reached skill level 5 in Dodging
   218 | D        | Reached XP level 3. HP: 34/34 MP: 3/3
   218 | D        | Gained mutation: You regenerate a little health from kills. [demonic ancestry]
   218 | D        | Reached XP level 4. HP: 40/40 MP: 4/4
   250 | D        | Noticed Sigmund
   263 | D        | Killed Sigmund
   263 | D        | Reached skill level 7 in Fighting
   263 | D        | Reached XP level 5. HP: 40/48 MP: 5/5
   322 | D        | Found a deep blue altar of Sif Muna.
   324 | D        | Found a radiant altar of Vehumet.
   328 | D        | Gained mutation: You regenerate health from kills. [demonic ancestry]
   328 | D        | Reached XP level 6. HP: 36/56 MP: 6/6
   416 | D        | Found Xisig's Distillery.
   416 | D        | Found an ancient bone altar of Kikubaaqudgha.
   416 | D        | Found a hazy altar of Hepliaklqana.
   416 | D        | Found a stormy altar of Qazlal.
   416 | D        | Found a hide-covered altar of Uskayaw.
   416 | D        | Found a blossoming altar of Fedhas.
   416 | D        | Found a bloodstained altar of Trog.
   416 | D        | Found an iron altar of Okawaru.
   416 | D        | Found a basalt altar of Yredelemnul.
   416 | D        | Found a glowing golden altar of the Shining One.
   416 | D        | Found a snail-covered altar of Cheibriados.
   416 | D        | Found a sacrificial altar of Ru.
   416 | D        | Found a glowing silver altar of Zin.
   416 | D        | Found a shadowy altar of Dithmenos.
   416 | D        | Found a white marble altar of Elyvilon.
   416 | D        | Noticed a yak
   426 | D        | Killed a yak
   426 | D        | Reached skill level 8 in Fighting
   427 | D        | Found an opulent altar of Gozag.
   428 | D        | Found a sparkling altar of Nemelex Xobeh.
   492 | D        | Became a worshipper of Trog the Wrathful
   494 | D        | Bought a potion of might for 56 gold pieces
   505 | D        | Found a burning altar of Makhleb.
   505 | D        | Found a viscous altar of Jiyva.
   505 | D        | Found a shimmering altar of Xom.
   505 | D        | Found a corrupted altar of Lugonu.
   505 | D        | Noticed a slime creature
   509 | D        | HP: 2/57 [slime creature (19)]
   520 | D        | Killed a slime creature
   520 | D        | Reached skill level 9 in Fighting
   520 | D        | Gained mutation: Your movements are slightly less encumbered by armour. (ER -2) [demonic ancestry]
   520 | D        | Reached XP level 7. HP: 9/64 MP: 7/7
   534 | D        | Bought a potion of berserk rage for 70 gold pieces
   534 | D        | Bought 2 potions of heal wounds for 140 gold pieces
   802 | D        | Noticed a centaur warrior
   802 | D        | Noticed a centaur warrior
   828 | D        | Killed a centaur warrior
   828 | D        | Reached skill level 10 in Fighting
   828 | D        | Gained mutation: Your movements are less encumbered by armour. (ER -4) [demonic ancestry]
   828 | D        | Reached XP level 8. HP: 29/72 MP: 8/8
   848 | D        | HP: 3/72 [centaur warrior/arrow (23)]
   848 | D        | Shot with an arrow by a centaur warrior

Skill      XL: |  1  2  3  4  5  6  7 |
---------------+----------------------+-----
Fighting       | 3 5 7 9 10 | 10.1
Maces & Flails | 4 5 7 8 9 |  9.5
Dodging        | 4 5 7 8 9 |  9.5
Throwing       | 2 4 6 |  6.5

Action                   |  1- 3 |  4- 6 |  7- 9 || total
-------------------------+-------+-------+-------++-------
Melee: Flail             |    14 |    34 |     8 ||    56
Throw: Throwing net      |       |     1 |     2 ||     3
  Use: Potion            |     1 |     3 |     2 ||     6
Armor: Leather armour    |     1 |     2 |     2 ||     5
Dodge: Dodged            |     7 |    18 |     3 ||    28
